 Dungeon Crawl Stone Soup version 0.19-a0-628-g9200b3b (webtiles) character file.

109 esc the Slasher (level 4, -5/38 HPs)
             Began as a Minotaur Gladiator on June 13, 2016.
             Killed by divine providence
             ... invoked by an orc priest
              (11 damage)
             ... on level 3 of the Dungeon.
             The game lasted 00:03:52 (1293 turns).

esc the Slasher (Minotaur Gladiator)                Turns: 1293, Time: 00:03:53

Health: -5/38      AC:  3    Str: 19    XL:     4   Next: 60%
Magic:  3/3        EV: 13    Int:  9    God:
Gold:   97         SH:  0    Dex: 12    Spells: 0 memorised, 3 levels left

rFire  . . .     SeeInvis .     a - +0 long sword
rCold  + . .     Gourm    .     b - +0 leather armour
rNeg   . . .     Faith    .     (no shield)
rPois  .         Spirit   .     c - +0 hat
rElec  .         Dismiss  .     (no cloak)
rCorr  .         Reflect  .     (no gloves)
SustAt .         Harm     .     (no boots)
MR     .....                    w - amulet of regeneration {+regen, !d}
Stlth  +.........               o - ring of protection from cold {rC+, !d}
                                i - +4 ring of intelligence

@: not resistant to hostile enchantments, very unstealthy
A: retaliatory headbutt, horns 2
a: no special abilities


You were on level 3 of the Dungeon.
You were not hungry.

You visited 1 branch of the dungeon, and saw 3 of its levels.

You collected 97 gold pieces.

Inventory:

Hand Weapons
 a - a +0 long sword (weapon)
Missiles
 d - 3 throwing nets {=f, !d}
 n - 47 stones (quivered)
 u - 8 curare-tipped needles
Armour
 b - a +0 leather armour (worn)
 c - a +0 hat (worn)
Jewellery
 i - a +4 ring of intelligence (left hand)
   (You found it on level 1 of the Dungeon)
 o - a ring of protection from cold (right hand) {rC+, !d}
   (You found it on level 1 of the Dungeon)
 w - an amulet of regeneration (around neck) {+regen, !d}
   (You found it on level 2 of the Dungeon)
Scrolls
 k - 2 scrolls of remove curse
 m - 2 scrolls of teleportation
 v - a scroll of fear
Potions
 q - a potion of lignification {!q}
 r - a potion of berserk rage {unknown}
 t - 2 potions of ambrosia
Comestibles
 f - a bread ration {@e1}
 g - a slice of pizza
 j - a chunk of flesh {@w0}
 l - a beef jerky
 x - 4 fruits


   Skills:
 + Level 3.4 Fighting
 + Level 4.3 Long Blades
 - Level 2.0 Throwing
 + Level 2.6 Armour
 + Level 4.1 Dodging


You had 3 spell levels left.
You didn't know any spells.

Dungeon Overview and Level Annotations

Branches:
Dungeon (3/15)

Altars:
Zin


Innate Abilities, Weirdness & Mutations

You reflexively headbutt those who attack you in melee.
You have a pair of horns on your head.


Message History

An orc and an orc priest come into view.
The orc shouts!
The orc priest shouts!
An adder and an orc come into view. 2 orcs come into view.
The orc shouts! x2
The orc shouts!
There is an escape hatch in the ceiling here.
The adder bites you.
You are poisoned.
The adder poisons you! The orc hits you with a dagger.
A mysterious force pulls you upwards. The hatch slams shut behind you.
You feel sick.
You take 9 damage, and have 29/38 hp.
MASSIVE DAMAGE!!
You hit the adder. The adder bites you.
You are more poisoned.
The adder poisons you! The orc barely misses you. The adder closely misses you.
You take 3 damage, and have 26/38 hp.
You closely miss the adder.
You feel sick. The adder closely misses you. The orc barely misses you.
The adder closely misses you.
You hit the adder.
You kill the adder!
The orc barely misses you. You furiously retaliate!
You headbutt the orc.
You feel sick. The orc barely misses you. You furiously retaliate!
You headbutt the orc.
You see here an adder corpse.
You hit the orc.
You kill the orc!
No target in view!
No target in view!
No target in view!
You butcher the adder corpse.
You feel sick.
j - 2 chunks of flesh {@w0} (gained 1)
You see here an adder skeleton.
There isn't anything to butcher here.
You feel sick.
You see here a dagger.
You feel sick.
Some of the chunks of flesh in your inventory have rotted away.
You feel sick.
There is an open door here.
You feel sick.
You feel sick.
You are no longer poisoned.
There is a stone staircase leading down here.
You regained 8 hp, and now have 34/38 hp.
You start resting.
Health restored: 38 You climb downwards.
There is a stone staircase leading up here.
The orc priest looks braver for a moment.
The orc misses you.
The orc priest hits you with a hand axe.
The orc closely misses you.
You take 3 damage, and have 35/38 hp.
You hit the orc priest. Your headbutt misses the orc priest.
The orc priest closely misses you. The orc closely misses you.
The orc misses you. The orc hits you with a dagger.
You take 5 damage, and have 30/38 hp.
You hit the orc priest but do no damage.
Your headbutt misses the orc priest. The orc priest misses you.
The orc closely misses you. The orc barely misses you.
The orc closely misses you. You furiously retaliate!
You headbutt the orc!
You kill the orc!
You completely miss the orc priest.
The orc priest hits you with a hand axe.
The orc hits you with a falchion. The orc misses you.
The orc priest hits you with a hand axe.
You take 9 damage, and have 22/38 hp.
MASSIVE DAMAGE!!
You hit the orc priest. The orc hits you but does no damage. x2
The orc priest misses you. You furiously retaliate!
You headbutt the orc priest! You closely miss the orc priest.
The orc hits you but does no damage. The orc closely misses you.
The orc priest hits you with a hand axe.
The orc hits you but does no damage. x2
You take 3 damage, and have 19/38 hp.
You hit the orc priest but do no damage.
The orc priest closely misses you. The orc closely misses you.
The orc misses you. You furiously retaliate!
You headbutt the orc, but do no damage. You barely miss the orc priest.
The orc hits you but does no damage.
The orc priest calls down the wrath of Beogh upon you.
You barely resist. The orc hits you with a falchion!
You take 8 damage, and have 12/38 hp.
MASSIVE DAMAGE!!
You barely miss the orc priest.
You headbutt the orc priest, but do no damage.
The orc hits you with a dagger.
* * * LOW HITPOINT WARNING * * *
The orc priest barely misses you. The orc hits you with a falchion.
* * * LOW HITPOINT WARNING * * *
You take 3 damage, and have 9/38 hp.
You hit the orc priest. Your headbutt misses the orc priest.
The orc hits you with a dagger.
* * * LOW HITPOINT WARNING * * *
The orc priest mumbles some strange prayers to Beogh against you.
Beogh smites you!
You die...

#.....# .. ..
###.......##.#
... ............#
...##............
...............##
##..............
.............o#
#........†@#
#.......oo#
#....<....##
#.......<..####
#....[........#
##.......####..#
...............
...
###############
#.


You could see an orc priest and 2 orcs.

Vanquished Creatures
  5 adders (D:2)
  An ooze (D:2)
  A worm (D:2)
  3 dart slugs (D:1)
  2 orcs
  2 giant cockroaches (D:1)
  9 goblins
  8 hobgoblins
  A quokka (D:2)
  6 bats
  2 giant newts
  5 kobolds
  5 rats
50 creatures vanquished.

Notes
Turn   | Place    | Note
--------------------------------------------------------------
     0 | D:1      | esc the Minotaur Gladiator began the quest for the Orb.
     0 | D:1      | Reached XP level 1. HP: 18/18 MP: 0/0
    85 | D:1      | Reached skill level 1 in Armour
   110 | D:1      | Reached XP level 2. HP: 25/25 MP: 1/1
   439 | D:1      | Reached skill level 4 in Long Blades
   490 | D:1      | Reached skill level 3 in Fighting
   618 | D:2      | Reached XP level 3. HP: 31/31 MP: 2/2
   757 | D:2      | Reached skill level 2 in Armour
   810 | D:2      | Found a glowing silver altar of Zin.
   922 | D:2      | Reached XP level 4. HP: 33/38 MP: 3/3
   944 | D:2      | Reached skill level 4 in Dodging
  1292 | D:3      | HP: 9/38 [orc/falchion (1)]
  1293 | D:3      | Killed from afar by an orc priest

Vault maps used:
D:1:      dpeg_arrival_three_same_balls
D:2:      zin_scriptorium
D:3:      grunt_temple_overflow_diamond, first_bread,
          nemelex_xobeh_ov_fountains_minmay

Skill      XL: |  1  2  3  4 |
---------------+-------------+-----
Armour         | 1 2 |  2.6
Long Blades    | 4 |  4.3
Fighting       | 3 |  3.4
Dodging        | 4 |  4.1
Throwing       | |  2.0

Action                   |  1- 3 |  4- 6 || total
-------------------------+-------+-------++-------
Melee: Long sword        |    62 |    29 ||    91
       Headbutt          |     8 |     5 ||    13
  Use: Scroll            |     3 |     5 ||     8
 Stab: Sleeping          |       |     2 ||     2
  Eat: Chunk             |       |     1 ||     1
Armor: Leather armour    |     8 |     2 ||    10
       Robe              |     1 |     1 ||     2
Dodge: Dodged            |    55 |    36 ||    91

Vault maps used:
D:1:      dpeg_arrival_three_same_balls
D:2:      zin_scriptorium
D:3:      grunt_temple_overflow_diamond, first_bread,
          nemelex_xobeh_ov_fountains_minmay

Table legend:
 A = Turns spent in this place as a percentage of turns spent in the entire game.
 B = Non-inter-level travel turns spent in this place as a percentage of non-inter-level travel turns spent in the entire game.
 C = Inter-level travel turns spent in this place as a percentage of turns spent in this place.
 D = Turns resting spent in this place as a percentage of non-inter-level travel turns spent in this place.
 E = Turns spent auto-exploring this place as a percentage of non-inter-level travel turns spent in this place.
 F = Non-inter-level travel turns spent in this place divided by the number of levels of this place that you've seen.
                   A       B       C       D       E      F
               +-------+-------+-------+-------+-------+----------------------
         Total | 100.0 | 100.0 |   0.8 |   0.8 |   9.9 | 168.7
       Dungeon | 100.0 | 100.0 |   0.8 |   0.8 |   9.9 | 168.7
               +-------+-------+-------+-------+-------+----------------------

Table legend:
 A = Kills in this place as a percentage of kills in entire the game.
 B = Kills by you in this place as a percentage of kills by you in the entire game.
 C = Kills by friends in this place as a percentage of kills by friends in the entire game.
 D = Other kills in this place as a percentage of other kills in the entire game.
 E = Experience gained in this place as a percentage of experience gained in the entire game.
 F = Experience gained in this place divided by the number of levels of this place that you have seen.
                   A       B       C       D       E      F
               +-------+-------+-------+-------+-------+----------------------
         Total | 100.0 | 100.0 |  -nan |  -nan | 100.0 |  52.3
       Dungeon | 100.0 | 100.0 |  -nan |  -nan | 100.0 |  52.3
               +-------+-------+-------+-------+-------+----------------------
